 Dungeon Crawl Stone Soup version 0.20.0-15-g7f486f2 (webtiles) character file.

218 esteth the Digger (level 5, -1/28 HPs)
             Began as a Gargoyle Earth Elementalist on June 16, 2017.
             Slain by a gnoll
             ... wielding a +0 halberd
              (10 damage)
             ... on level 5 of the Dungeon.
             The game lasted 00:10:56 (4560 turns).

esteth the Digger (Gargoyle Earth Elementalist)     Turns: 4560, Time: 00:10:56

Health: -1/28      AC:  8    Str: 12    XL:     5   Next: 95%
Magic:  2/10       EV: 11    Int: 16    God:
Gold:   199        SH:  0    Dex: 12    Spells: 10/11 levels left

rFire    . . .     SeeInvis .   j - +0 club
rCold    . . .     Gourm    .   (no shield)
rNeg     + . .     Faith    .   l - +0 leather armour
rPois    ∞         Spirit   .   (no helmet)
rElec    +         Reflect  .   g - +0 cloak
rCorr    .         Harm     .   (no gloves)
MR       .....                  (no boots)
Stlth    ++........             (no amulet)
Regen    0.1/turn               n - ring of flight
MPRegen  0.2/turn               y - +2 ring of dexterity

@: no status effects
A: negative energy resistance 1, electricity resistance, unbreathing,
petrification resistance, rot immunity, AC +4
a: Evoke Flight


You were on level 5 of the Dungeon.
You were not hungry.

You visited 1 branch of the dungeon, and saw 5 of its levels.

You collected 199 gold pieces.

Inventory:

Hand Weapons
 j - a +0 club (weapon)
Missiles
 b - 135 stones (quivered)
Armour
 c - a +0 robe
 g - a +0 cloak (worn)
 l - a +0 leather armour (worn)
Jewellery
 n - a ring of flight (left hand)
 y - a +2 ring of dexterity (right hand)
Scrolls
 f - a scroll of identify
 p - 2 scrolls of remove curse {unknown}
 q - a scroll of recharging {unknown}
 s - a scroll of immolation {unknown}
 u - a scroll of teleportation {unknown}
 w - a scroll of fog {unknown}
Potions
 a - 3 potions of berserk rage {unknown}
 h - a potion of haste {unknown}
 i - 3 potions of curing {unknown}
 k - a potion of ambrosia {unknown}
 m - a potion of heal wounds {unknown}
 r - a potion of cancellation {unknown}
 t - a potion of brilliance {unknown}
 v - 3 potions of might {unknown}
 x - a potion of agility {unknown}
Books
 e - a book of Geomancy

   Spells                             Type                      Level
   a - Sandblast                      Earth                        1
   b - Passwall                       Transmutation/Earth          2
   c - Stone Arrow                    Conjuration/Earth            3
   d - Petrify                        Transmutation/Earth          4
   e - Lee's Rapid Deconstruction     Earth                        5
Comestibles
 d - a bread ration
 o - 3 meat rations


   Skills:
 - Level 1.5 Dodging
 - Level 2.1 Stealth
 + Level 3.9 Spellcasting
   Level 0.7 Transmutations
 + Level 6.1 Earth Magic


You had 10 spell levels left.
You knew the following spells:

 Your Spells              Type           Power        Failure   Level  Hunger
a - Sandblast             Erth           ###...       1%          1    None


Dungeon Overview and Level Annotations

Branches:
Dungeon (5/15)
 Temple: D:4-7

Altars:
Ashenzari
Kikubaaqudgha

Annotations:
D:1 exclusion: gnoll
D:4 exclusion: black bear


Innate Abilities, Weirdness & Mutations

You are resistant to torment.
Your stone body is resilient. (AC +4)
You are immune to poison.
You resist negative energy. (rN+)
You are resistant to electric shocks. (rElec)
You can survive without breathing.
You are immune to petrification.
You are immune to rotting.


Message History

The gnoll shaman closely misses you. The gnoll hits you.
Casting: Sandblast
Confirm with . or Enter, or press ? or * to list all spells.
Aiming: Sandblast
Press: ? - help, Shift-Dir - straight line, f/p - gnoll shaman
Aim: a gnoll shaman, wielding a whip and wearing a leather armour (almost dead)
The blast of sand hits the gnoll shaman.
You kill the gnoll shaman!
b - 136 stones The gnoll hits you.
Casting: Sandblast
Confirm with . or Enter, or press ? or * to list all spells.
Aiming: Sandblast
Press: ? - help, Shift-Dir - straight line, f - gnoll
Aim: a gnoll The blast of sand hits the gnoll.
The gnoll is severely wounded.
b - 135 stones The gnoll hits you from afar with a halberd!
You die...

#### ...#
###...##..
#.@......#
#g).......
#.g......#
###...##.#
...# #
#.#$.
.#.## .# #


You could see 2 gnolls.

Vanquished Creatures
  A scorpion (D:4)
  A gnoll shaman (D:5)
  A gnoll (D:5)
  6 adders
  An ooze (D:3)
  2 worms
  A dart slug (D:1)
  A leopard gecko (D:3)
  2 orcs (D:3)
  4 giant cockroaches
  7 goblins
  6 hobgoblins
  5 jackals
  A quokka (D:3)
  2 ball pythons
  11 bats
  6 frilled lizards
  8 kobolds
  5 rats
71 creatures vanquished.

Notes
Turn   | Place    | Note
-------+----------+-------------------------------------------
     0 | D:1      | esteth the Gargoyle Earth Elementalist began the quest for the Orb.
     0 | D:1      | Reached XP level 1. HP: 10/10 MP: 3/3
   264 | D:1      | Reached XP level 2. HP: 11/15 MP: 3/5
   511 | D:1      | Reached skill level 4 in Earth Magic
  1139 | D:2      | Reached XP level 3. HP: 19/19 MP: 7/7
  1796 | D:2      | Found an ancient bone altar of Kikubaaqudgha.
  2126 | D:2      | Reached XP level 4. HP: 19/24 MP: 5/8
  2194 | D:2      | Reached skill level 5 in Earth Magic
  3599 | D:3      | Found a shattered altar of Ashenzari.
  3850 | D:4      | Reached XP level 5. HP: 22/28 MP: 10/10
  3967 | D:4      | Noticed a black bear
  4501 | D:4      | Noticed an ogre
  4546 | D:5      | Entered Level 5 of the Dungeon
  4551 | D:5      | Reached skill level 6 in Earth Magic
  4560 | D:5      | Slain by a gnoll

Skill      XL: |  1  2  3  4  5 |
---------------+----------------+-----
Earth Magic    | 4 5 6 |  6.1
Spellcasting   | 3 |  3.9
Dodging        | |  1.5
Stealth        | |  2.1
Transmutations | |  0.7

Action                   |  1- 3 |  4- 6 || total
-------------------------+-------+-------++-------
Melee: Unarmed           |    42 |       ||    42
       Club              |   152 |   203 ||   355
 Cast: Sandblast         |    15 |    27 ||    42
  Use: Scroll            |     1 |     1 ||     2
 Stab: Sleeping          |     1 |     4 ||     5
  Eat: Chunk             |     3 |     9 ||    12
Armor: Robe              |    37 |       ||    37
       Leather armour    |   115 |   129 ||   244
Dodge: Dodged            |   203 |   152 ||   355
